 Dungeon Crawl Stone Soup version 0.28.0-62-gf88900778d (webtiles) character file.

Game seed: 16002686496740174151

47348 cbfl8 the Severer (level 14, -8/124 HPs)
             Began as a Minotaur Berserker on June 29, 2023.
             Was a High Priest of Trog.
             Mangled by a boulder beetle (32 damage)
             ... summoned by a glowing orange brain
             ... on level 15 of the Dungeon.
             The game lasted 00:22:03 (16129 turns).

cbfl8 the Severer (Minotaur Berserker)             Turns: 16129, Time: 00:22:03

Health: -8/124     AC: 19    Str: 21    XL:     14   Next: 8%
Magic:  4/4        EV:  7    Int:  4    God:    Trog [*****.]
Gold:   918        SH: 14    Dex: 16    Spells: 13/13 levels left

rFire   . . .      SeeInvis .   H - +12 broad axe of Hospitality {antimagic, *Rage +Blink rC+ rN+}
rCold   + + +      Faith    .   E - +3 kite shield
rNeg    + . .      Spirit   .   I - +4 plate armour {rC+}
rPois   .          Reflect  .   i - +2 hat
rElec   .          Harm     .   n - +0 cloak
rCorr   .          Rampage  .   p - +0 pair of gloves
Will    +....      Rage     20% u - +0 pair of boots
Stlth   ..........              h - amulet of regeneration
HPRegen 1.10/turn               c - ring of protection from cold
MPRegen 0.09/turn               m - +4 ring of protection

@: corroded, on berserk cooldown, slowed, very slow
A: horns 2, retaliatory headbutt
a: Renounce Religion, Evoke Blink, Berserk, Trog's Hand, Brothers in Arms


You were on level 15 of the Dungeon.
You worshipped Trog.
Trog was extremely pleased with you.
You visited 1 branch of the dungeon, and saw 15 of its levels.

You collected 997 gold pieces.
You spent 79 gold pieces at shops.

Inventory:

Hand Weapons
 f - a +1 war axe of venom
 F - the +5 hand axe of Subjectivity {holy, Fly Stlth+}
   (You found it on level 10 of the Dungeon)

   It has been blessed by the Shining One to cause great damage to the undead
   and demons.
   Fly:       It grants you flight.
   Stlth:     It makes you more stealthy.
 H - the +12 broad axe of Hospitality (weapon) {antimagic, *Rage +Blink rC+ rN+}
   (Trog gifted it to you on level 15 of the Dungeon)

   It reduces the magical energy of the wielder, and disrupts the spells and
   magical abilities of those it strikes.
   Natural abilities and divine invocations are not affected.
   rC:        It protects you from cold.
   rN:        It protects you from negative energy.
   +Blink:    It lets you blink.
   *Rage:     It berserks you when you make melee attacks (+20% chance).
Armour
 i - a +2 hat (worn)
 n - a +0 cloak (worn)
 p - a +0 pair of gloves (worn)
 u - a +0 pair of boots (worn)
 E - a +3 kite shield (worn)
 I - a +4 plate armour of cold resistance (worn)
Jewellery
 c - a ring of protection from cold (left hand)
 h - an amulet of regeneration (around neck)
 m - a +4 ring of protection (right hand)
 z - a ring of see invisible
Wands
 y - a wand of iceblast (3)
 A - a wand of polymorph (14)
 C - a wand of paralysis (3) (quivered)
Scrolls
 d - 3 scrolls of teleportation
 j - 4 scrolls of noise
 o - a scroll of enchant weapon
 s - a scroll of fog
 t - a scroll of magic mapping
 w - 5 scrolls of silence
 G - a scroll of holy word {unknown}
Potions
 a - 2 potions of flight {unknown}
 b - 2 potions of degeneration {unknown}
 e - 2 potions of magic
 l - 6 potions of brilliance {unknown}
 q - 5 potions of heal wounds
 r - a potion of might {unknown}
 v - a potion of invisibility
 x - 9 potions of curing
 B - a potion of mutation
 D - a potion of lignification
Miscellaneous
 g - a condenser vane
 k - a lightning rod (4/4)


   Skills:
 + Level 11.6 Fighting
 - Level 3.9 Long Blades
 + Level 15.6(16.4) Axes
 - Level 8.4(13.0) Maces & Flails
 + Level 13.6 Armour
 + Level 3.4 Dodging
 + Level 2.4 Stealth
 + Level 8.9 Shields
 * Level 9.9 Evocations


You had 13 spell levels left.
You didn't know any spells.
Your spell library was empty.

Dungeon Overview and Level Annotations

Branches:
Dungeon (15/15)            Temple (0/1) D:6            Lair (0/6) D:9
    Orc (0/2) D:9          Vaults (0/5) D:14         Depths (0/4) D:15

Altars:
Fedhas
Kikubaaqudgha
Nemelex Xobeh
Ru
Sif Muna
Wu Jian
Xom

Shops:
D:3 *   D:15 [

Portals:
Trove: D:11 (give 16 potions of curing)


Innate Abilities, Weirdness & Mutations

You have a pair of horns on your head.
You reflexively headbutt those who attack you in melee.


Message History

The brown very ugly thing pecks you but does no damage.
You bump into the rock wall.
The ogre changes into a sky beast!
The brown very ugly thing closely misses you.
The glowing orange brain pulsates.
You are more confused.
The brown very ugly thing pecks you but does no damage.
The red ugly thing basks in the mutagenic energy from its kin and changes!
The glowing orange brain blinks!
The brown very ugly thing pecks you but does no damage.
The brown very ugly thing pecks you. The acid corrodes you!
You are splashed with acid!
The sky beast flickers out of sight!
Deactivating autopickup; reactivate with Ctrl-A.
The red ugly thing basks in the mutagenic energy from its kin and changes!
The boulder beetle bites you but does no damage.
The brown very ugly thing pecks you. The acid corrodes you!
You are splashed with acid!
The purple ugly thing basks in the mutagenic energy from its kin and changes!
The boulder beetle bites you.
The boulder beetle leaps!
You closely miss the purple ugly thing.
Your headbutt misses the purple ugly thing.
The purple ugly thing is moderately wounded.
You hit the brown very ugly thing but do no damage.
The boulder beetle curls into a ball and begins rolling!
The brown very ugly thing pecks you! The acid corrodes you!
You are splashed with acid!
The glowing orange brain pulsates.
Something tries to feed on your intellect!
The purple ugly thing kicks you.
* * * LOW HITPOINT WARNING * * *
Unknown command.
You are too confused!
You are too confused!
You feel less confused.
The brown very ugly thing basks in the mutagenic energy from its kin and changes!
The purple ugly thing kicks you!
* * * LOW HITPOINT WARNING * * *
The water moccasin changes into a wyvern!
The boulder beetle hits you!!
You die...

.........# ***##...##,,,*,,* *
...#.....#########.....#*,,,,,* *
......<.........##.....#,,***** *
..........#.....###.CG#*,,#,,* *
(.....##..#.....+.##.####.#+#**
###...##..#.....#..#l#.......,*
###.............###u.#.....##,* *
..............°°B.uu.........,***
......#......#..@#..#..##....,,,,
......#......#............,,.,,*,
............................,,,,,
############################*****


You could see a purple very ugly thing, a boulder beetle (summoned, rolling), 2
ugly things and a wyvern shaped shifter (summoned).

Vanquished Creatures
  Nessos (D:13)
  Josephine (D:10)
  Harold (D:11)
  3 boulder beetles (D:15)
  5 hydras
  3 vault guards (D:14)
  A catoblepas (D:11)
  3 centaur warriors
  3 two-headed ogres
  2 tengu warriors
  Nergalle (D:10)
  A wizard (D:14)
  3 orc knights
  2 deep elf pyromancers
  An orc sorcerer (D:14)
  15 ugly things
  A salamander (shapeshifter) (D:15)
  8 cyclopes
  7 manticores
  Joseph (D:10)
  3 gargoyles
  2 kobold demonologists (D:12)
  3 unseen horrors
  A yaktaur (shapeshifter) (D:14)
  2 komodo dragons
  An efreet (D:11)
  A tengu conjurer (D:15)
  A meliai (D:11)
  4 trolls
  10 slime creatures (D:13)
  A vampire (D:11)
  A wyvern (D:11)
  2 shadows
  18 yaks
  8 wraiths
  2 basilisks (D:11)
  A human (D:14)
  8 vampire mosquitoes (D:14)
  3 acid dragons
  A water moccasin (D:8)
  A sky beast (D:7)
  14 orc warriors
  2 black bears
  6 centaurs
  4 ogres
  A phantom (D:4)
  4 kobold brigands
  3 bullfrogs (D:8)
  A scorpion (D:5)
  A wyvern zombie (D:9)
  2 water moccasin zombies
  A water moccasin skeleton (D:5)
  3 killer bees (D:8)
  3 howler monkeys (D:7)
  5 centaur zombies
  6 orc priests
  A hound (shapeshifter) (D:13)
  3 iguanas
  17 orc wizards
  Crazy Yiuf (D:2)
  2 howler monkey zombies
  3 adders
  2 white imps (D:7)
  2 ufetubi
  An adder skeleton (D:4)
  A dart slug (D:4)
  2 worms
  47 orcs
  7 ball pythons
  4 endoplasms
  11 goblins
  4 hobgoblins
  7 jackals
  4 quokkas
  5 bats
  2 frilled lizards
  14 kobolds
  8 rats
341 creatures vanquished.

Vanquished Creatures (collateral kills)
  A gargoyle (D:11)
  A troll (D:11)
  A vampire mosquito (D:11)
3 creatures vanquished.

Vanquished Creatures (others)
  4 plants (D:9)
4 creatures vanquished.

Grand Total: 348 creatures vanquished

Notes
Turn   | Place    | Note
-------+----------+-------------------------------------------
     0 | D:1      | cbfl8 the Minotaur Berserker began the quest for the Orb.
     0 | D:1      | Reached XP level 1. HP: 19/19 MP: 0/0
   292 | D:1      | Reached XP level 2. HP: 22/27 MP: 1/1
  1325 | D:2      | Reached skill level 1 in Evocations
  1325 | D:2      | Reached XP level 3. HP: 18/33 MP: 2/2
  1334 | D:2      | Reached skill level 1 in Maces & Flails
  1851 | D:2      | Found a runed translucent door.
  1852 | D:2      | Noticed Crazy Yiuf
  1982 | D:2      | Reached XP level 4. HP: 38/41 MP: 3/3
  2044 | D:2      | Reached ** piety under Trog
  2578 | D:2      | Killed Crazy Yiuf
  2815 | D:3      | Found a faded altar of an unknown god.
  2865 | D:3      | Found a shimmering blue altar of Sif Muna.
  2865 | D:3      | Found an ancient bone altar of Kikubaaqudgha.
  3042 | D:3      | Noticed an ogre
  3052 | D:3      | Killed an ogre
  3053 | D:3      | Reached skill level 1 in Axes
  3053 | D:3      | Reached XP level 5. HP: 46/47 MP: 4/4
  3452 | D:3      | Reached skill level 2 in Axes
  3498 | D:3      | Found Podizewi's Assorted Antiques.
  3506 | D:3      | Bought a fizzy emerald potion for 15 gold pieces
  3506 | D:3      | Bought 2 white potions for 30 gold pieces
  3506 | D:3      | Bought a scroll labelled LYJUQA FANIO for 17 gold pieces
  3506 | D:3      | Bought a scroll labelled FAUV GOQINODI for 17 gold pieces
  3944 | D:4      | Reached XP level 6. HP: 55/55 MP: 5/5
  4197 | D:5      | Entered Level 5 of the Dungeon
  4335 | D:5      | Reached skill level 5 in Fighting
  4335 | D:5      | Reached skill level 3 in Axes
  4362 | D:5      | Reached XP level 7. HP: 49/61 MP: 6/6
  4577 | D:5      | Reached skill level 4 in Axes
  4836 | D:5      | Reached skill level 5 in Armour
  4987 | D:5      | Found an ornate altar of the Wu Jian Council.
  5170 | D:6      | Found a sacrificial altar of Ru.
  5441 | D:6      | Reached skill level 5 in Axes
  5441 | D:6      | Reached XP level 8. HP: 37/69 MP: 7/7
  5472 | D:6      | Found a staircase to the Ecumenical Temple.
  5612 | D:7      | Reached *** piety under Trog
  5769 | D:7      | Reached skill level 6 in Axes
  6001 | D:7      | Noticed a troll
  6007 | D:7      | Killed a troll
  6008 | D:7      | Reached skill level 5 in Maces & Flails
  6274 | D:8      | Reached XP level 9. HP: 50/75 MP: 8/8
  6277 | D:8      | Reached skill level 7 in Axes
  6612 | D:8      | Found a blossoming altar of Fedhas.
  6620 | D:8      | Found a shimmering altar of Xom.
  6951 | D:8      | Reached **** piety under Trog
  6960 | D:8      | Reached skill level 5 in Evocations
  7037 | D:9      | Reached skill level 8 in Axes
  7099 | D:9      | Noticed a two-headed ogre
  7099 | D:9      | Noticed a troll
  7537 | D:9      | Killed a two-headed ogre
  7753 | D:8      | Killed a troll
  7837 | D:9      | Reached XP level 10. HP: 76/86 MP: 9/9
  7876 | D:9      | Reached skill level 9 in Axes
  7880 | D:9      | Reached skill level 1 in Shields
  8408 | D:9      | Found a staircase to the Lair.
  8828 | D:10     | Entered Level 10 of the Dungeon
  8956 | D:9      | Found a staircase to the Orcish Mines.
  9064 | D:10     | Noticed a manticore
  9070 | D:10     | Killed a manticore
  9072 | D:10     | Noticed a red ugly thing
  9074 | D:10     | Reached skill level 10 in Axes
  9324 | D:10     | Noticed Nergalle
  9334 | D:10     | Killed Nergalle
  9518 | D:10     | Killed a red ugly thing
  9833 | D:10     | Noticed Josephine
  9836 | D:10     | Noticed Joseph
  9848 | D:10     | Killed Joseph
  9849 | D:10     | Reached XP level 11. HP: 94/94 MP: 10/10
  9849 | D:10     | Killed Josephine
  9850 | D:10     | Reached skill level 10 in Armour
  9858 | D:10     | Reached skill level 11 in Axes
 10165 | D:10     | Identified the +5 hand axe of Subjectivity {holy, Fly
                  | Stlth+}
 10224 | D:11     | Found a blossoming altar of Fedhas.
 10259 | D:11     | Noticed a six-headed hydra
 10270 | D:11     | Killed a ten-headed hydra
 10275 | D:11     | Noticed a two-headed ogre
 10285 | D:11     | Killed a two-headed ogre
 10617 | D:11     | Reached skill level 12 in Axes
 10705 | D:11     | Reached skill level 5 in Shields
 10813 | D:11     | Noticed a tengu warrior
 10824 | D:11     | Killed a tengu warrior
 10825 | D:11     | Reached XP level 12. HP: 104/104 MP: 11/11
 10827 | D:11     | Identified the +0 rapier "Ludah" {vorpal, rF+ Int+3 Dex+2}
 10835 | D:11     | Noticed a catoblepas
 10844 | D:11     | Killed a catoblepas
 10845 | D:11     | Reached skill level 1 in Stealth
 10892 | D:11     | Noticed Harold
 10909 | D:11     | Killed Harold
 10955 | D:11     | Found an ancient bone altar of Kikubaaqudgha.
 10956 | D:11     | Found a sparkling altar of Nemelex Xobeh.
 10972 | D:11     | Noticed a two-headed ogre
 10972 | D:11     | Noticed an eight-headed hydra
 10980 | D:11     | Killed a two-headed ogre
 10987 | D:11     | Killed a 15-headed hydra
 10988 | D:11     | Reached skill level 13 in Axes
 11173 | D:11     | Found a portal to a secret trove of treasure.
 11791 | D:12     | You fall into a shaft and drop 3 floors!
 11791 | D:15     | Entered Level 15 of the Dungeon
 11914 | D:15     | Noticed a five-headed hydra
 11915 | D:15     | Noticed a four-headed hydra
 11970 | D:15     | Reached skill level 10 in Fighting
 12000 | D:14     | Noticed a centaur warrior
 12007 | D:14     | Killed a centaur warrior
 12054 | D:14     | Noticed a vault guard
 12158 | D:14     | Noticed an eight-headed hydra
 12274 | D:13     | Reached skill level 14 in Axes
 12344 | D:12     | Reached XP level 13. HP: 112/114 MP: 12/12
 13069 | D:13     | Noticed Nessos
 13086 | D:13     | Killed Nessos
 13782 | D:13     | Reached ***** piety under Trog
 13847 | D:13     | Identified the +4 plate armour of Omission {Int+2}
 14555 | D:14     | Reached skill level 15 in Axes
 15248 | D:14     | Found a gate to the Vaults.
 15510 | D:15     | Found Pasistit's Armour Shop.
 15840 | D:15     | Identified the +12 broad axe of Hospitality {antimagic,
                  | *Rage +Blink rC+ rN+} (Trog gifted it to you on level 15 of
                  | the Dungeon)
 15840 | D:15     | Received a gift from Trog
 15841 | D:15     | Reached XP level 14. HP: 124/124 MP: 13/13
 16101 | D:15     | Noticed a white very ugly thing
 16129 | D:15     | Mangled by a boulder beetle

Illustrated notes

Levels and vault maps discovered:
D:1:      heliophobic_arrival_enchanted_forest, layout_basic
D:2:      layout_loops_ring, serial_rivers, chequers_serial_rivers_large_a,
          chequers_serial_rivers_small_a, chequers_serial_rivers_large_b,
          chequers_serial_rivers_micro_b, chequers_serial_rivers_micro_b,
          chequers_serial_rivers_small_b, minmay_circle_x,
          uniq_crazy_yiuf_cottage
D:3:      layout_loops_ring, gammafunk_temple_overflow_pools, serial_shops,
          nicolae_shop_advertising_works [nicolae_subvault_shop_adworks],
          nicolae_ecumenical_lake_church, chequers_serial_rivers_micro_b,
          serial_park_tiny_pond
D:4:      layout_basic
D:5:      layout_layer_cave, nicolae_wu_jian_immortal_techniques
D:6:      layout_gridville, nicolae_ru_sacrificial_ziggurat, temple_fountains
D:7:      layout_basic, serial_aquarium, aquarium_bridge_long_joined
          [aquarium_subvault_bridge, aquarium_subvault_bridge,
          aquarium_subvault_wall, aquarium_subvault_bridge,
          aquarium_subvault_bridge, aquarium_subvault_wall],
          aquarium_bridge_square [aquarium_subvault_bridge,
          aquarium_subvault_bridge, aquarium_subvault_bridge,
          aquarium_subvault_window], aquarium_window_2, aquarium_window_fake,
          aquarium_window_1, aquarium_window_1, aquarium_view_2c,
          minmay_misc_feat_plants
D:8:      layout_gridville, mainiacjoe_overflow_big_doors
D:9:      layout_basic, david_lair_shrubbed, david_orc_4,
          kennysheep_small_square
D:10:     layout_irregular_city, kennysheep_generic_room_12, uniq_nergalle,
          uniq_joseph, uniq_josephine
D:11:     minmay_the_grid_octo_tiled_octocenter_mashed
          [minmay_the_grid_octo_pinwheel, minmay_the_grid_octo_vomiting_pacman,
          minmay_the_grid_octo_odd_swirl, minmay_the_grid_octo_horde,
          minmay_the_grid_octo_prize_single_spiral,
          minmay_the_grid_square_5x5_v, minmay_the_grid_square_5x5_three_small,
          minmay_the_grid_square_5x5_two_walls_b,
          minmay_the_grid_square_5x5_three], layout_gridville, enter_trove_0,
          fedhas_altar_fruit_tree, uniq_harold
D:12:     layout_roguey
D:13:     layout_stronghold, uniq_nessos
D:14:     layout_long_grid, grunt_vaults_entry_fortified, hangedman_decor_push,
          serial_glass, glass_columns_a, glass_columns_c, item_on_display_a,
          minmay_strange_pillars
D:15:     gammafunk_enter_depths_forms, layout_stronghold, serial_shops,
          nicolae_shop_waterfront

Skill      XL: |  1  2  3  4  5  6  7  8  9 10 11 12 13 |
---------------+----------------------------------------+-----
Fighting       | 4 5 6 7 8 9 10 11 | 11.6
Evocations     | 1 2 3 4 5 6 7 8 9 |  9.9
Maces & Flails | 1 2 3 4 5 6 8 |  8.4
Armour         | 3 4 5 7 8 9 11 12 13 | 13.6
Axes           | 1 2 3 5 6 8 10 12 14 15 | 15.6
Shields        | 2 5 7 8 |  8.9
Stealth        | 1 2 |  2.4
Dodging        | 3 |  3.4
Long Blades    | |  3.9

Action                   |  1- 3 |  4- 6 |  7- 9 | 10-12 | 13-15 || total
-------------------------+-------+-------+-------+-------+-------++-------
Melee: Falchion          |    74 |       |       |       |       ||    74
       Punch             |     3 |     2 |     2 |       |       ||     7
       Headbutt          |     8 |    23 |    71 |   112 |   103 ||   317
       Hand axe          |    19 |   127 |   270 |   124 |       ||   540
       War axe           |       |       |       |   331 |   325 ||   656
       Broad axe         |       |       |       |       |    22 ||    22
Invok: Berserk           |     1 |     3 |     7 |    17 |     3 ||    31
Evoke: Wand              |       |       |     2 |     6 |     5 ||    13
  Use: Scroll            |       |     6 |    10 |    16 |     2 ||    34
 Stab: Distracted        |       |       |       |     1 |       ||     1
       Paralysed         |       |       |       |     5 |    11 ||    16
Armor: Animal skin       |     6 |       |       |       |       ||     6
       Plate armour      |    47 |    76 |   252 |   420 |   208 ||  1003
Dodge: Dodged            |    46 |    48 |   106 |   123 |    68 ||   391
Block: Kite shield       |       |       |    17 |   271 |   219 ||   507
